cohdb
Replays
Latest Replays
All Replays
Popular Replays
Top Player Replays
Match Explorer
How It Works
Community
CoH3 Stats
Reddit
Sign in to upload your games and track your stats! →
Sign in with Steam
Match 33608745
Unlisted
Match 33608745
Overview
Messages
Build Orders
End
Construct Weapon Support Center
Engineer Squad
Selects Armored Battlegroup
Selects Assault Engineers
Assault Engineer Squad
Bazooka Squad
Sniper
Infantry Support Center
M1919 Machine Gun Team
Construct Medical Station
Assault Engineer Squad
Selects M31 Recovery Vehicle
Bazooka Squad
Assault Engineer Squad
Construct Tank Depot
Selects War Machine
M1919 Machine Gun Team
Selects Fast Deploy
Selects Strength in Steel
Selects M8 Scott SPG
Selects UNKNOWN (2160077)
M4A3E8 Sherman Easy Eight
mariopl97
Cpt Darling
jwalker987
Brothers in Trenches
larrylesaint
Shaka92
0
0
Comments
sign in to comment!
No comments posted yet!